 Dungeon Crawl Stone Soup version 0.26-a0-652-gafc20e3620 (webtiles) character file.

Game seed: 10984780443248127213

428377 Decritt the Slayer (level 23, -14/229 HPs)
             Began as a Hill Orc Berserker on Oct 3, 2020.
             Was the Champion of Trog.
             Demolished by a spriggan berserker
             ... wielding a +1 antimagic broad axe
              (17 damage)
             ... on level 4 of the Depths on Oct 4, 2020.
             The game lasted 05:56:07 (57245 turns).

Decritt the Slayer (Hill Orc Berserker)            Turns: 57245, Time: 05:56:08

Health: -14/229    AC: 30    Str: 31    XL:     23   Next: 86%
Magic:  0/23       EV: 15    Int:  7    God:    Trog [******]
Gold:   3836       SH:  0    Dex: 21    Spells: 22/22 levels left

rFire    . . .     SeeInvis +   a - +11 battleaxe of Descent {vorpal, Dex+3}
rCold    . . .     Faith    .   (shield currently unavailable)
rNeg     + . .     Spirit   .   N - +1 plate armour of Jaric {rPois Regen+ rCorr Dex-2}
rPois    +         Reflect  .   s - +1 helmet of the New World {rN+ rCorr Str+3 Dex+3}
rElec    .         Harm     .   S - +1 cloak of Lesser Demons {Dex+5}
rCorr    +         Rampage  .   F - +2 pair of gloves
MR       ++++.                  l - +1 pair of boots
Stlth    ..........             p - amulet of Fuqorole {Regen+ SInv}
HPRegen  2.28/turn              E - ring of protection from magic
MPRegen  0.18/turn              R - +4 ring of slaying

@: corroded, berserk cooldown, regenerating, slowed, very slow
A: no striking features
}: 2/15 runes: decaying, gossamer
a: Berserk, Trog's Hand, Brothers in Arms, Renounce Religion


You were on level 4 of the Depths.
You worshipped Trog.
Trog was exalted by your worship.
You visited 9 branches of the dungeon, and saw 42 of its levels.
You also visited: Trove.

You collected 5310 gold pieces.
You spent 1474 gold pieces at shops.

Inventory:

Hand Weapons
 a - the +11 battleaxe of Descent (weapon) {vorpal, Dex+3}
   (Trog gifted it to you on level 2 of the Depths)

   It inflicts extra damage upon your enemies.
   It affects your dexterity (+3).
 b - a +4 longbow of flaming
Missiles
 t - 1136 arrows
Armour
 l - a +1 pair of boots (worn)
 s - the +1 helmet of the New World (worn) {rN+ rCorr Str+3 Dex+3}
   (You bought it in a shop on level 5 of the Dungeon)

   It affects your strength (+3).
   It affects your dexterity (+3).
   It protects you from negative energy.
   It provides partial protection from all sources of acid and corrosion.
 x - +0 ice dragon scales
 C - a scarf of resistance
 F - a +2 pair of gloves (worn)
 N - the +1 plate armour of Jaric (worn) {rPois Regen+ rCorr Dex-2}
   (You bought it in a shop on level 5 of the Dungeon)

   It affects your dexterity (-2).
   It protects you from poison.
   It increases your rate of regeneration.
   It provides partial protection from all sources of acid and corrosion.
 S - the +1 cloak of Lesser Demons (worn) {Dex+5}
   (You bought it in a shop on level 5 of the Dungeon)

   It affects your dexterity (+5).
Jewellery
 k - an uncursed ring of positive energy
 p - the amulet of Fuqorole (around neck) {Regen+ SInv}
   (You acquired it on level 3 of the Depths)

   [amulet of regeneration]

   It lets you see invisible.
   It increases your rate of regeneration.
 r - an uncursed ring of protection from cold
 E - a ring of protection from magic (left hand)
 R - a +4 ring of slaying (right hand)
 T - an uncursed ring of protection from magic
 X - the amulet "Maibliu" {Acrobat rElec Str+2}
   (You acquired it on level 2 of the Swamp)

   [amulet of the acrobat]

   It helps you evade while moving and waiting.
   It affects your strength (+2).
   It insulates you from electricity.
Wands
 o - a wand of iceblast (15)
 A - a wand of enslavement (20)
 B - a wand of polymorph (16)
 D - a wand of flame (64)
 H - a wand of digging (4)
 I - a wand of paralysis (9)
 O - a wand of disintegration (8)
Scrolls
 d - 8 scrolls of fear
 e - 3 scrolls of blinking
 f - 5 scrolls of enchant weapon
 g - 7 scrolls of enchant armour
 n - 13 scrolls of teleportation
 u - 11 scrolls of remove curse
 M - 5 scrolls of identify
 Q - 2 scrolls of silence
 U - 2 scrolls of brand weapon
 V - 7 scrolls of magic mapping
Potions
 c - 5 potions of haste
 h - 8 potions of might
 j - 9 potions of ambrosia
 m - 6 potions of heal wounds
 q - 4 potions of berserk rage
 v - 2 potions of cancellation
 G - 4 potions of flight
 J - 2 potions of resistance
 K - 4 potions of mutation
 P - 14 potions of curing
Miscellaneous
 i - a condenser vane (2/2)
 w - a tin of tremorstones (3/3)
 y - a box of beasts (3/3)
 z - a phantom mirror
 L - a lightning rod (4/4)


   Skills:
 * Level 24.2 Fighting
   Level 0.6 Long Blades
 * Level 23.9 Axes
 - Level 10.2 Bows
 - Level 1.0 Throwing
 * Level 22.4 Armour
 + Level 8.4 Dodging
 + Level 14.0 Evocations


You had 22 spell levels left.
You didn't know any spells.
Your spell library was empty.

Dungeon Overview and Level Annotations

Branches:
Dungeon (15/15)            Temple (0/1) D:4            Lair (6/6) D:10
  Swamp (4/4) Lair:3       Spider (4/4) Lair:3        Slime (1/5) Lair:5
    Orc (2/2) D:9             Elf (2/3) Orc:2        Vaults (4/5) D:14
  Crypt (0/3) Vaults:2     Depths (4/5) D:15

Altars:
Ashenzari
Dithmenos
Elyvilon
Hepliaklqana
Makhleb
Nemelex Xobeh
Qazlal
Ru
Sif Muna
Trog
Uskayaw
Vehumet
Yredelemnul
Beogh
Jiyva

Shops:
D:5 [   D:7 :   D:14 }   Orc:2 ?![!   Vaults:1 *   Vaults:4 [   Depths:3 *

Portals:
Hell: Depths:1 Depths:2 Depths:3
Pandemonium: Depths:3

Annotations:
Depths:2 нужен резист к огню
Depths:3 dragon king 4300
Depths:4 exclusion: ice statue


Message History

The death yak rages.
The caustic shrike claws you!
* * * LOW HITPOINT WARNING * * *
You are splashed with acid.
You resist.
* * * LOW HITPOINT WARNING * * *
You feel much better.
The spriggan berserker is no longer berserk.
The caustic shrike claws you but does no damage.
The caustic shrike closely misses you.
The spriggan berserker hits you with a +1 antimagic broad axe!
* * * LOW HITPOINT WARNING * * *
You feel your power leaking away. The caustic shrike claws you!
* * * LOW HITPOINT WARNING * * *
You are splashed with acid.
You resist.
* * * LOW HITPOINT WARNING * * *
The caustic shrike claws you but does no damage.
The caustic shrike barely misses you.
The spriggan berserker hits you with a +1 antimagic broad axe!
You die...

#............#...#...#
#∩._....W......8.....#
#....).D..Q..#...#...#
#.☼.8)8x8.8...#.#....#
##...))..............#
##.........x........#
###......Y.........#
#++...8.bbi....8)#
++##...@.)...?.#
####)'####### ##.)..##
#8....8# ##....##
#8....8# ##....##
#8....8# ##....##


You could see a shadow dragon, 2 caustic shrikes, a death yak (summoned,
berserk), a flayed ghost, a tengu warrior, a spriggan berserker (regenerating,
resisting magic, slow) and 2 small abominations.

Vanquished Creatures
  Sojobo (Vaults:4)
  Frederick (Vaults:3)
  The ghost of Ecihucs the Metallomancer, an adept GrEE of Vehumet (Vaults:2)
  8 caustic shrikes (Depths:3)
  3 golden dragons
  A lich (Depths:2)
  2 tentacled monstrosities
  Jorgrun (Spider:1)
  Rupert (Lair:5)
  A quicksilver dragon (Depths:4)
  2 acid blobs (Lair:5)
  Gastronok (Orc:1)
  3 thorn hunters (Swamp:4)
  Agnes (Vaults:4)
  An azure jelly (Slime:1)
  An iron dragon (Depths:2)
  2 deep elf sorcerers
  8 frost giants
  A tengu reaver (Vaults:4)
  6 vault wardens
  9 fire giants
  6 ghost moths
  An orc warlord (Orc:2)
  Aizul (Spider:4)
  5 ironheart preservers
  2 spriggan defenders
  5 emperor scorpions
  15 stone giants
  2 war gargoyles
  11 very ugly things
  4 entropy weavers
  2 deep elf demonologists
  A deep elf annihilator (Vaults:3)
  3 spark wasps
  A merfolk javelineer (Depths:1)
  2 blizzard demons
  6 ettins
  The ghost of Kiheuqul the Reanimator, a journeyman GnNe of Nemelex Xobeh (Lair:4)
  4 deep elf death magi
  6 fire dragons
  7 yaktaur captains
  2 deep elf high priests
  6 great orbs of eyes
  Josephine (D:12)
  2 rakshasas
  A crystal guardian (Vaults:3)
  Harold (D:7)
  5 jiangshi (Depths:1)
  A vault guard (Vaults:1)
  7 ice dragons
  3 spriggan air magi
  Erolcha (D:11)
  26 hydras
  10 ogre magi
  4 shambling mangroves
  A catoblepas (Lair:6)
  5 death knights
  29 two-headed ogres
  The ghost of KennyOmg the Cleaver, a novice MiBe of Trog (D:8)
  An alligator (shapeshifter) (Vaults:4)
  3 death yaks (Lair:6)
  14 alligators
  12 centaur warriors
  22 dancing weapons
  7 orc high priests (Orc:2)
  5 deep troll shamans
  13 tengu warriors
  6 deep troll earth magi
  5 spriggan berserkers
  2 vampire magi (Depths:1)
  9 hell knights
  18 spriggans
  16 deep elf knights
  12 skeletal warriors
  An iron troll (Depths:3)
  2 shadow wraiths (Vaults:3)
  2 quicksilver dragon simulacra (Depths:4)
  2 spriggan druids (Swamp:4)
  An unseen horror (shapeshifter) (D:14)
  13 deep trolls
  2 unseen horrors
  2 glowing orange brains (Depths:3)
  A fire crab (shapeshifter) (Vaults:1)
  A glowing orange brain (shapeshifter) (Vaults:3)
  7 deep elf archers
  9 swamp dragons
  A phantasmal warrior (Vaults:3)
  4 necromancers (Depths:3)
  13 orc knights
  4 wizards
  17 orb spiders
  14 ironbrand convokers
  67 deep elf magi
  31 wolf spiders
  4 oklob plants (Lair:6)
  41 ugly things
  7 orc sorcerers
  A wolf spider (shapeshifter) (Depths:1)
  5 cyclopes
  4 moths of wrath
  Maurice (D:9)
  2 guardian serpents (shapeshifter)
  4 vault sentinels
  5 elephants (Lair:6)
  An elephant (shapeshifter) (Depths:2)
  9 rust devils
  3 black mambas
  2 naga magi (D:15)
  2 gargoyles
  17 cane toads
  An eye of devastation (Slime:1)
  5 komodo dragons
  12 freezing wraiths
  2 yaktaurs (shapeshifter)
  37 yaktaurs
  A rime drake (Lair:4)
  12 demonic crawlers
  An efreet (D:15)
  3 ice devils
  4 tengu conjurers
  A harpy zombie (D:14)
  2 queen bees (shapeshifter)
  6 meliai
  5 trolls
  11 tyrant leeches
  A hellwing (Depths:3)
  A merfolk (shapeshifter) (Vaults:4)
  A meliai (shapeshifter) (Vaults:1)
  30 jumping spiders
  2 polar bears (Lair:6)
  8 blink frogs (Lair:3)
  4 dream sheep
  38 hornets
  A wind drake (shapeshifter) (Vaults:4)
  7 bog bodies
  32 slime creatures
  11 hippogriffs
  A stone giant simulacrum (Vaults:1)
  A centaur simulacrum (D:15)
  A spectral dream sheep (Lair:4)
  3 air elementals
  66 redbacks
  A ynoxinul (Depths:3)
  7 water elementals
  A spriggan (shapeshifter) (Depths:2)
  2 shadows
  Sigmund (D:3)
  36 tarantellas
  15 wraiths
  3 fire elementals
  44 yaks
  3 fire bats
  16 humans (D:14)
  2 basilisks
  A golden eye (shapeshifter) (Vaults:3)
  Menkaure (D:4)
  2 death yak simulacra (Lair:4)
  2 spectral komodo dragons (Lair:4)
  A steam dragon (Lair:3)
  14 vampire mosquitoes
  16 wargs
  18 swamp worms
  An acid dragon (Vaults:2)
  A soldier ant (D:10)
  8 water moccasins
  A floating eye (Depths:2)
  8 porcupines
  2 ice beasts
  7 sky beasts
  11 swamp drakes
  3 phantoms
  27 orc warriors
  4 black bears
  A black mamba simulacrum (Lair:4)
  3 ettin simulacra (Depths:4)
  4 boggarts
  A tengu (shapeshifter) (D:13)
  11 wolves
  28 ogres
  22 centaurs
  13 crocodiles
  2 big kobolds
  16 bullfrogs
  2 earth elementals (Elf:2)
  2 wyvern skeletons
  6 scorpions
  12 killer bees
  22 wights
  4 electric eels
  3 howler monkeys (D:7)
  11 jellies
  A quasit (D:13)
  3 bullfrog skeletons
  7 hounds
  4 centaur skeletons
  33 orc priests
  Terence (D:2)
  5 iguanas
  20 orc wizards
  10 worker ants
  2 hound zombies
  A worker ant zombie (D:6)
  11 gnolls
  2 howler monkey skeletons
  8 adders
  7 shadow imps
  2 white imps
  6 ufetubi
  6 oozes
  2 adder skeletons (D:5)
  An adder zombie (D:9)
  2 worms
  3 dart slugs
  11 leopard geckos
  100 orcs
  A ball python (D:6)
  4 giant cockroaches
  7 goblins
  5 hobgoblins (D:2)
  7 quokkas
  6 bats
  3 frilled lizards
  A jackal skeleton (D:6)
  A jackal zombie (D:5)
  8 kobolds
  A leopard gecko skeleton (D:4)
  A quokka zombie (D:5)
  6 rats
  A bush (D:15)
  A plant (Lair:5)
1727 creatures vanquished.

Vanquished Creatures (collateral kills)
  Margery (Depths:4)
  A deep elf sorcerer (Elf:2)
  A dancing weapon (Elf:2)
  A deep elf knight (Elf:2)
  A deep elf mage (Elf:2)
  A hornet (Spider:4)
6 creatures vanquished.

Vanquished Creatures (others)
  A deep elf knight (Elf:2)
  A deep elf mage (Vaults:4)
  A hornet (Spider:4)
  A rime drake (Lair:5)
  A jumping spider (Spider:4)
  A slime creature (Depths:3)
  A swamp worm (Swamp:3)
  A swamp drake (Swamp:3)
  An ettin simulacrum (Depths:4)
  A kobold (D:7)
  29 fungi
  57 plants
96 creatures vanquished.

Grand Total: 1829 creatures vanquished

Notes
Turn   | Place    | Note
-------+----------+-------------------------------------------
     0 | D:1      | Decritt the Hill Orc Berserker began the quest for the Orb.
     0 | D:1      | Reached XP level 1. HP: 19/19 MP: 1/1
   722 | D:1      | Reached XP level 2. HP: 27/27 MP: 2/2
   983 | D:2      | Found a bloodstained altar of Trog.
   998 | D:2      | Reached skill level 4 in Fighting
  1044 | D:2      | Reached XP level 3. HP: 21/33 MP: 3/3
  1241 | D:2      | Reached skill level 5 in Axes
  1567 | D:2      | Reached ** piety under Trog
  1567 | D:2      | Reached XP level 4. HP: 36/41 MP: 4/4
  1677 | D:2      | Noticed Terence
  1686 | D:2      | Killed Terence
  1686 | D:2      | Reached XP level 5. HP: 45/47 MP: 5/5
  1921 | D:2      | Found a white marble altar of Elyvilon.
  2504 | D:3      | Found a burning altar of Makhleb.
  2781 | D:3      | Noticed Sigmund
  2796 | D:3      | Killed Sigmund
  2796 | D:3      | Reached skill level 5 in Fighting
  2796 | D:3      | Reached XP level 6. HP: 56/56 MP: 6/6
  3061 | D:4      | Noticed Menkaure
  3082 | D:4      | Killed Menkaure
  3385 | D:4      | Reached XP level 7. HP: 58/61 MP: 7/7
  3712 | D:4      | Found a sacrificial altar of Ru.
  3782 | D:4      | Reached skill level 6 in Fighting
  3817 | D:4      | Found a staircase to the Ecumenical Temple.
  4086 | D:5      | Entered Level 5 of the Dungeon
  4106 | D:5      | Reached skill level 5 in Armour
  4223 | D:5      | Reached skill level 1 in Evocations
  4269 | D:5      | Reached skill level 1 in Throwing
  4269 | D:5      | Reached XP level 8. HP: 42/71 MP: 8/8
  4645 | D:5      | Reached skill level 1 in Bows
  4656 | D:5      | Reached skill level 7 in Fighting
  5045 | D:5      | Found Rois's Antique Armour Emporium.
  5275 | D:6      | Reached XP level 9. HP: 13/79 MP: 9/9
  5805 | D:6      | Reached skill level 8 in Fighting
  5805 | D:6      | Reached skill level 10 in Axes
  5879 | D:6      | Found a hazy altar of Hepliaklqana.
  6202 | D:7      | Reached *** piety under Trog
  6615 | D:7      | Noticed Harold
  6628 | D:7      | Killed Harold
  6628 | D:7      | Reached skill level 9 in Fighting
  6628 | D:7      | Reached XP level 10. HP: 47/91 MP: 10/10
  7167 | D:7      | Found Hafrynt's Book Shop.
  7288 | D:8      | Found a hide-covered altar of Uskayaw.
  7671 | D:8      | Found a runed translucent gate.
  7671 | D:8      | Found a runed translucent gate.
  7672 | D:8      | Found a runed translucent gate.
  7675 | D:8      | Noticed KennyOmg's ghost (novice MiBe)
  7677 | D:8      | Found a viscous altar of Jiyva.
  7812 | D:8      | Reached **** piety under Trog
  7983 | D:8      | Found a shimmering blue altar of Sif Muna.
  8293 | D:9      | Found a broken altar of Ashenzari.
  8334 | D:9      | Reached skill level 10 in Fighting
  8443 | D:9      | Found a basalt altar of Yredelemnul.
  8444 | D:9      | Noticed Maurice
  8480 | D:9      | Killed Maurice
  8565 | D:9      | Found a staircase to the Orcish Mines.
  8977 | D:9      | Found a stormy altar of Qazlal.
  9143 | D:10     | Entered Level 10 of the Dungeon
  9293 | D:10     | Noticed a gargoyle
  9302 | D:10     | Killed a gargoyle
  9382 | D:10     | Reached XP level 11. HP: 71/101 MP: 11/11
  9770 | D:10     | Found a staircase to the Lair.
  9776 | D:10     | Reached skill level 11 in Fighting
 10105 | D:5      | Bought a heavily runed plate armour for 700 gold pieces
 10115 | D:5      | Identified the cursed +1 plate armour of Jaric {rPois
                  | Regen+ rCorr Dex-2} (You bought it in a shop on level 5 of
                  | the Dungeon)
 10247 | Lair:1   | Entered Level 1 of the Lair of Beasts
 10259 | D:10     | Reached skill level 5 in Evocations
 10289 | Lair:1   | Reached skill level 10 in Armour
 10448 | Lair:1   | Got a polished plate armour
 10458 | Lair:1   | Identified the cursed +1 plate armour of Protective Custody
                  | {rCorr SInv} (You found it on level 1 of the Lair of
                  | Beasts)
 11503 | Orc:1    | Entered Level 1 of the Orcish Mines
 11503 | Orc:1    | Noticed an orc sorcerer
 11507 | Orc:1    | Killed an orc sorcerer
 11661 | D:5      | Bought a faintly glowing helmet for 237 gold pieces
 11671 | D:5      | Identified the +1 helmet of the New World {rN+ rCorr Str+3
                  | Dex+3} (You bought it in a shop on level 5 of the Dungeon)
 12086 | Lair:2   | Reached ***** piety under Trog
 12340 | Lair:2   | Reached skill level 12 in Fighting
 12432 | Lair:2   | Got a dazzling rapier
 12432 | Lair:2   | Identified the +7 rapier of Cruel Justice {vorpal, Int+2}
                  | (You found it on level 2 of the Lair of Beasts)
 12530 | Lair:2   | Reached XP level 12. HP: 112/112 MP: 12/12
 13125 | Lair:3   | Found a staircase to the Swamp.
 13375 | Lair:3   | Found a hole to the Spider Nest.
 13783 | Lair:3   | Received a gift from Trog
 13913 | Lair:3   | Reached skill level 13 in Fighting
 14411 | Lair:4   | Noticed a five-headed hydra
 14417 | Lair:4   | Killed a five-headed hydra
 14417 | Lair:4   | Reached skill level 15 in Axes
 14506 | Lair:4   | Found a runed translucent gate.
 14506 | Lair:4   | Found a runed translucent gate.
 14506 | Lair:4   | Found a runed translucent gate.
 14591 | Lair:4   | Noticed Kiheuqul's ghost (journeyman GnNe)
 15464 | Lair:5   | Noticed Rupert
 15479 | Lair:5   | Killed Rupert
 15479 | Lair:5   | Reached XP level 13. HP: 122/122 MP: 13/13
 15496 | Lair:5   | Found a staircase to the Slime Pits.
 16411 | Lair:6   | Entered Level 6 of the Lair of Beasts
 16598 | Lair:6   | Reached skill level 14 in Fighting
 16839 | Lair:6   | Reached skill level 5 in Bows
 17725 | Lair:6   | Reached XP level 14. HP: 103/133 MP: 14/14
 17825 | Lair:6   | Received a gift from Trog
 18626 | D:5      | Bought a distressingly furry cloak for 237 gold pieces
 18636 | D:5      | Identified the +1 cloak of Lesser Demons {Dex+5} (You
                  | bought it in a shop on level 5 of the Dungeon)
 19067 | Orc:1    | Found a roughly hewn altar of Beogh.
 19402 | Orc:1    | Noticed Gastronok
 19440 | Orc:1    | Killed Gastronok
 19736 | Orc:2    | Entered Level 2 of the Orcish Mines
 19815 | Orc:2    | Reached skill level 15 in Fighting
 19847 | Orc:2    | Found Jieleq's Magic Scroll Emporium.
 20061 | Orc:2    | Found a roughly hewn altar of Beogh.
 20197 | Orc:2    | Found Kyotrauh's Distillery.
 20223 | Orc:2    | Bought a potion of heal wounds for 75 gold pieces
 20223 | Orc:2    | Bought a potion of heal wounds for 75 gold pieces
 20223 | Orc:2    | Bought a potion of heal wounds for 75 gold pieces
 20399 | Orc:2    | Noticed an orc warlord
 20441 | Orc:2    | Killed an orc warlord
 20641 | Orc:2    | Found Ecvuen's Distillery.
 20641 | Orc:2    | Found Netephe's Antique Armour Emporium.
 20648 | Orc:2    | Bought a potion of heal wounds for 75 gold pieces
 20744 | Orc:2    | Found a staircase to the Elven Halls.
 21584 | D:11     | Noticed Erolcha
 21598 | D:11     | Killed Erolcha
 21657 | D:11     | Received a gift from Trog
 22325 | D:12     | Reached XP level 15. HP: 135/143 MP: 15/15
 22412 | D:12     | Noticed Josephine
 22421 | D:12     | Killed Josephine
 22423 | D:12     | Reached ****** piety under Trog
 22499 | D:12     | Reached skill level 16 in Fighting
 22913 | D:13     | Received a gift from Trog
 23125 | D:13     | Got a pitted iron amulet
 23126 | D:13     | Identified the amulet of Xeggagg {Spirit +Inv} (You found
                  | it on level 13 of the Dungeon)
 23465 | D:13     | Found the +5 scythe "Finisher" {speed, eviscerate}
 23515 | D:14     | Found a portal to a secret trove of treasure.
 23672 | D:13     | Reached skill level 15 in Armour
 24051 | D:14     | Found Cuasmapt's Gadget Shop.
 24062 | D:14     | Received a gift from Trog
 24091 | D:14     | Found a white marble altar of Elyvilon.
 24475 | D:14     | Found a gate to the Vaults.
 24576 | D:14     | Found a sparkling altar of Nemelex Xobeh.
 24678 | D:15     | Entered Level 15 of the Dungeon
 25098 | D:15     | Reached XP level 16. HP: 148/154 MP: 16/16
 25305 | D:15     | Reached skill level 17 in Fighting
 25602 | D:15     | Found a shadowy altar of Dithmenos.
 25783 | D:15     | Found a staircase to the Depths.
 26436 | Spider:1 | Entered Level 1 of the Spider Nest
 26993 | Spider:1 | Noticed Jorgrun
 27007 | Spider:1 | Killed Jorgrun
 27564 | Spider:2 | Received a gift from Trog
 27582 | Spider:2 | HP: 5/156 [disintegration (29)]
 29034 | Spider:2 | Reached XP level 17. HP: 135/163 MP: 5/17
 29491 | Spider:3 | Received a gift from Trog
 29503 | Spider:3 | Reached skill level 18 in Fighting
 30327 | Spider:4 | Entered Level 4 of the Spider Nest
 30765 | Spider:4 | Noticed Aizul
 30779 | Spider:4 | Killed Aizul
 31113 | Spider:4 | Received a gift from Trog
 31603 | Spider:4 | Reached skill level 10 in Evocations
 32240 | Spider:4 | Got a gossamer rune of Zot
 32451 | Swamp:1  | Entered Level 1 of the Swamp
 32523 | Swamp:1  | Received a gift from Trog
 32587 | Swamp:1  | Reached XP level 18. HP: 151/174 MP: 18/18
 33129 | Swamp:2  | Reached skill level 19 in Fighting
 33228 | Swamp:2  | Identified a scroll of acquirement
 33229 | Swamp:2  | Acquired the amulet "Maibliu" {Acrobat rElec Str+2}
 33785 | Swamp:2  | Found the +6 lightning scales {run, rElec}
 34680 | Swamp:3  | Received a gift from Trog
 34861 | Swamp:4  | Entered Level 4 of the Swamp
 35076 | Swamp:4  | Got an ancient trident
 35076 | Swamp:4  | Identified the cursed +1 trident "Xuc Tul" {protect, rC+
                  | MR+ SInv Stlth-} (You found it on level 4 of the Swamp)
 36192 | Swamp:4  | Got a decaying rune of Zot
 37258 | Depths:1 | Entered Level 1 of the Depths
 37331 | Vaults:1 | Entered Level 1 of the Vaults
 37348 | Vaults:1 | Found Topytum's General Store.
 37359 | Vaults:1 | Reached XP level 19. HP: 180/184 MP: 19/19
 37414 | Vaults:1 | Reached skill level 20 in Fighting
 38403 | Vaults:1 | Received a gift from Trog
 38918 | Vaults:2 | Found a staircase to the Crypt.
 39881 | Vaults:2 | Found a radiant altar of Vehumet.
 40037 | Vaults:2 | Found a runed translucent door.
 40053 | Vaults:2 | Noticed Ecihucs's ghost (adept GrEE)
 40242 | Vaults:3 | Received a gift from Trog
 40816 | Vaults:3 | Noticed Frederick
 40840 | Vaults:3 | Killed Frederick
 41327 | Vaults:3 | Reached XP level 20. HP: 195/195 MP: 20/20
 41446 | Vaults:3 | Reached skill level 21 in Fighting
 42377 | Vaults:4 | Noticed Agnes
 42377 | Vaults:4 | Noticed Sojobo
 42382 | Vaults:4 | Killed Agnes
 42398 | Vaults:4 | Killed Sojobo
 42802 | Vaults:4 | Received a gift from Trog
 42964 | Vaults:4 | Reached skill level 5 in Dodging
 43987 | Vaults:4 | Received a gift from Trog
 44206 | Vaults:4 | Found Peis's Armour Shoppe.
 44578 | D:15     | Reached skill level 22 in Fighting
 44827 | Depths:1 | Reached XP level 21. HP: 173/207 MP: 21/21
 45640 | Depths:1 | Found a gateway to Hell.
 47136 | Depths:2 | Received a gift from Trog
 47243 | Depths:2 | Got an ichor-stained battleaxe {god gift}
 47243 | Depths:2 | Identified the +11 battleaxe of Descent {vorpal, Dex+3}
                  | (Trog gifted it to you on level 2 of the Depths)
 48592 | Depths:3 | Found Leczeam's Assorted Antiques.
 48973 | Depths:3 | Noticed a caustic shrike
 48981 | Depths:3 | Received a gift from Trog
 48992 | Depths:3 | Reached XP level 22. HP: 153/217 MP: 22/22
 48999 | Depths:3 | Noticed a caustic shrike
 49011 | Depths:3 | Killed a caustic shrike
 49011 | Depths:3 | Reached skill level 23 in Fighting
 49021 | Depths:3 | Killed a caustic shrike
 49039 | Depths:3 | Noticed a caustic shrike
 49046 | Depths:3 | Killed a caustic shrike
 49105 | Depths:3 | Noticed a caustic shrike
 49105 | Depths:3 | Noticed a caustic shrike
 49110 | Depths:3 | Killed a caustic shrike
 49118 | Depths:3 | Killed a caustic shrike
 49150 | Depths:3 | Noticed a golden dragon
 49263 | Depths:3 | Noticed a caustic shrike
 49271 | Depths:3 | Killed a caustic shrike
 49274 | Depths:3 | Noticed a caustic shrike
 49306 | Depths:3 | Killed a caustic shrike
 49314 | Depths:3 | Killed a golden dragon
 49497 | Depths:3 | Noticed a caustic shrike
 49502 | Depths:3 | Killed a caustic shrike
 49759 | Depths:3 | Received a gift from Trog
 50077 | Depths:3 | Reached skill level 10 in Bows
 50135 | Depths:3 | Acquired 767 gold pieces
 50140 | Depths:3 | Acquired the amulet of Fuqorole {Regen+ SInv}
 50179 | Depths:3 | Found a one-way gate leading to the halls of Pandemonium.
 50833 | Depths:4 | Noticed Margery
 51277 | Elf:1    | Entered Level 1 of the Elven Halls
 51913 | Elf:1    | Received a gift from Trog
 52245 | Elf:2    | Reached XP level 23. HP: 211/227 MP: 23/23
 52416 | Elf:2    | Received a gift from Trog
 52719 | Elf:2    | Found a huge runed translucent gate.
 52719 | Elf:2    | Found a huge runed translucent gate.
 52719 | Elf:2    | Found a huge runed translucent gate.
 52719 | Elf:2    | Found a huge runed translucent gate.
 52719 | Elf:2    | Found a huge runed translucent gate.
 53105 | Elf:2    | Received a gift from Trog
 54591 | Depths:4 | Killed Margery
 54999 | Depths:4 | Reached skill level 24 in Fighting
 55219 | D:14     | You paid a toll of 5 scrolls of fog to enter a treasure
                  | trove
 55220 | Trove    | Entered a treasure trove
 55545 | Slime:1  | Entered Level 1 of the Pits of Slime
 55774 | Lair:4   | Killed Kiheuqul's ghost
 56465 | D:8      | Killed KennyOmg's ghost
 56754 | Vaults:2 | Killed Ecihucs's ghost
 57089 | Depths:4 | Found a shadowy altar of Dithmenos.
 57102 | Depths:4 | Received a gift from Trog
 57188 | Depths:4 | Noticed a golden dragon
 57198 | Depths:4 | Killed a golden dragon
 57215 | Depths:4 | Noticed a golden dragon
 57223 | Depths:4 | Killed a golden dragon
 57233 | Depths:4 | Noticed a caustic shrike
 57235 | Depths:4 | Noticed a caustic shrike
 57244 | Depths:4 | HP: 6/229 [caustic shrike (8)]
 57245 | Depths:4 | Demolished by a spriggan berserker

Illustrated notes

Levels and vault maps discovered:
D:1:      eino_arrival_cavern_a, layout_basic, serial_corexii_hall,
          corexii_hall_statues_l, corexii_hall_statues_l,
          corexii_hall_statues_l, chequers_hall_statues_y,
          wander_ebering_terrifying_dragon_lair
D:2:      layout_basic, lemuel_doored_altar, bloody_trog, uniq_terence
D:3:      layout_basic, nicolae_overflow_crystal_walls, uniq_sigmund
D:4:      layout_rooms, nicolae_ru_sacrificial_ziggurat, temple_doors_ab,
          grunt_ministairs_6, uniq_menkaure
D:5:      layout_loops_ring, serial_shops, shop, st_stairs_9
D:6:      layout_cave_pools, kennysheep_mini
D:7:      layout_rooms, serial_shops, nicolae_shop_waterfront,
          hangedman_decor_peaks_small, uniq_harold
D:8:      layout_cave_pods, lemuel_coloured_pillars_altar,
          overflow_temple_1_default, gammafunk_ghost_ooze
D:9:      layout_loops_ring, old_standard_altar, nicolae_ashenzari_panopticon,
          nicolae_qazlal_eye_of_the_storm, uniq_maurice
D:10:     layout_long_grid, grunt_lair_entry_orc_guard_hut
D:11:     layout_loops_ring, minmay_misc_feat_square, uniq_erolcha
D:12:     layout_cave_pools, uniq_josephine
D:13:     layout_roguey, minmay_guarded_unrand_finisher
D:14:     layout_rooms, david_vaults_3, basic_altar, enter_trove_0,
          serial_shops, nicolae_shop_waterfront, nemelex_diamond_rough_becter
D:15:     grunt_enter_depths_magical_seal, layout_rooms, serial_park_gazebo
          [serial_park_minivault_5x5_2], corexii_corridor_pit,
          nicolae_dithmenos_through_a_glass_darkly
Lair:1:   layout_gridlike
Lair:2:   layout_chaotic_city
Lair:3:   layout_roguey, nicolae_swamp_entry_splash_gauntlet,
          nicolae_spider_entry_tight_spaces
Lair:4:   layout_roguey, gammafunk_ghost_necromancy
Lair:5:   layout_layer_cave, nicolae_slime_entry_slimehenge, minmay_hedge_maze,
          uniq_rupert
Lair:6:   grunt_lair_end_beastmaster, layout_regular_city, grunt_megastairs_1,
          minmay_lair_oklob_chamber
Swamp:1:  layout_falls_marsh, nicolae_swamp_very_dense_foliage
Swamp:2:  layout_falls_marsh, evilmike_swamp_ruin_house_5
Swamp:3:  layout_basic_swamp, evilmike_swamp_ruin_house_1
Swamp:4:  swamp, layout_basic_swamp, swamp_pool2, hangedman_swamp_ruin_hall
Spider:1: layout_spider_delve, uniq_jorgrun
Spider:2: layout_spider_delve
Spider:3: nicolae_spider_mines_1
Spider:4: guppyfry_spider_rune, uniq_aizul
Slime:1:  layout_caves
Orc:1:    layout_caves, basic_altar, uniq_gastronok
Orc:2:    st_orc_town, layout_caves, nicolae_orc_stony_grotto,
          nicolae_orc_pool_cavern, nooodl_orcs_dogs
Elf:1:    minmay_elf_arrival_circle, layout_gridlike,
          kennysheep_underground_church
Elf:2:    layout_geoelf_diagonals, minmay_elf_sorcery
Vaults:1: hangedman_vaults_river_flow, v_misc_32, nicolae_vaults_puzzle_piece,
          hangedman_vaults_pinch, v_misc_18, ontoclasm_vaults_fault,
          nicolae_vaults_circle_grid_a, grunt_vaults_funnel, vaults_dpeg_ring,
          v_misc_22, nicolae_vaults_ring_of_whatevers, vaults_room_octagon,
          layout_vaults_omnibox, serial_shops, shop_fountains
Vaults:2: ebering_vaults_ghost_reflecting_pool, minmay_crypt_entry_simple_plaza,
          nicolae_vaults_yaktaur_gun_rack, ontoclasm_vaults_misaligned,
          v_misc_15, ontoclasm_vaults_shuriken, dpeg_vaults_monster_box,
          layout_vaults_omnigrid, basic_altar
Vaults:3: ontoclasm_vaults_claustrophobia, nicolae_vaults_ring_of_whatevers,
          nicolae_vaults_quadrants, nicolae_vaults_little_squares_6, v_misc_29,
          v_rooms_2, v_alt_pattern_3, nicolae_vaults_little_squares_4,
          v_rooms_5, v_misc_27, hangedman_vaults_trim, layout_vaults_ring,
          uniq_frederick
Vaults:4: v_pattern_3, ontoclasm_vaults_spin, ontoclasm_vaults_chip,
          nicolae_vaults_puzzle_piece, nicolae_vaults_little_squares_1,
          sword_in_stone, nicolae_vaults_mini_display_case,
          vaults_standard_mumra_x, nicolae_vaults_little_squares_3, v_misc_19,
          nicolae_vaults_big_angled_halls, nicolae_vaults_theta,
          nicolae_vaults_circle_grid_a, nicolae_vaults_little_squares_1,
          layout_vaults_maze, serial_shops, shop
Depths:1: layout_cave_pools, serial_column_ruins, column_ruins_columns_water,
          column_ruins_columns_straight, column_ruins_open_small_water,
          column_ruins_grid_1, hangedman_tar_grid_catacomb,
          hangedman_abyss_or_decor_passed, kennysheep_dice, serial_bayou_shore_b
Depths:2: kennysheep_snake, layout_cave_shapes, hell_entry,
          minmay_misc_feat_cross, lemuel_flame_loot_1
Depths:3: grunt_deathspiral_small, layout_long_grid, hell_entry,
          serial_bayou_lagoon_a, serial_shops,
          nicolae_shop_competitors_out_of_business, rand_demon_pan_entry_1,
          infiniplex_staircase_split_hallway
Depths:4: grunt_profane_halls [grunt_profane_temple_geh,
          grunt_profane_temple_tar, grunt_profane_temple_dis,
          grunt_profane_temple_coc, grunt_profane_loot], hell_entry,
          abyss_entry, uniq_margery, uniq_sojobo

Skill      XL: |  1  2  3  4  5  6  7  8  9 10 11 12 13 14 15 16 17 18 19 20 21 22 23 |
---------------+----------------------------------------------------------------------+-----
Fighting       | 4 5 6 7 9 10 12 13 14 15 16 17 18 19 20 22 23 24 | 24.2
Axes           | 5 6 7 8 9 11 12 14 15 16 18 20 21 22 23 | 23.9
Armour         | 3 4 5 6 8 9 10 12 13 14 15 16 17 18 19 20 21 22 | 22.4
Evocations     | 1 2 3 4 5 7 8 9 10 11 12 13 14 | 14.0
Throwing       | 1 |  1.0
Bows           | 1 2 4 5 6 7 8 9 10 | 10.2
Dodging        | 2 3 5 6 7 8 |  8.4
Long Blades    | |  0.6

Action                   |  1- 3 |  4- 6 |  7- 9 | 10-12 | 13-15 | 16-18 | 19-21 | 22-24 || total
-------------------------+-------+-------+-------+-------+-------+-------+-------+-------++-------
Melee: Hand axe          |    92 |    75 |    69 |       |       |       |       |       ||   236
       Broad axe         |       |       |   196 |    85 |       |   108 |       |       ||   389
       Morningstar       |       |       |       |   492 |    16 |       |       |       ||   508
       Triple sword      |       |       |       |    24 |       |       |       |       ||    24
       Great mace        |       |       |       |       |   135 |       |       |       ||   135
       Glaive            |       |       |       |       |    94 |       |       |       ||    94
       Battleaxe         |       |       |       |       |   750 |   799 |   934 |   562 ||  3045
       Executioner's axe |       |       |       |       |    19 |       |       |       ||    19
 Fire: Longbow           |       |       |       |   135 |    71 |   345 |    53 |   154 ||   758
       Shortbow          |       |       |       |       |       |       |    87 |       ||    87
Throw: Dart              |       |       |     8 |    20 |       |       |       |       ||    28
Invok: Berserk           |       |     2 |     1 |     1 |     8 |     8 |     4 |     3 ||    27
       Trog's Hand       |       |     1 |       |     1 |     8 |    10 |     4 |     2 ||    26
Evoke: Wand              |       |       |       |     6 |     3 |    20 |     1 |     7 ||    37
       Tin of tremorston |       |       |       |     1 |       |       |     3 |     2 ||     6
       Lightning rod     |       |       |       |       |     2 |     1 |     1 |     3 ||     7
       Phial of floods   |       |       |       |       |       |     1 |     1 |       ||     2
       Box of beasts     |       |       |       |       |       |       |       |     1 ||     1
       Phantom mirror    |       |       |       |       |       |       |       |     1 ||     1
  Use: Scroll            |       |     3 |     8 |    14 |     8 |     6 |     7 |    15 ||    61
       Potion            |       |       |       |       |     1 |     4 |     1 |     8 ||    14
 Stab: Paralysed         |       |       |       |     4 |       |     1 |       |       ||     5
       Distracted        |       |       |       |       |       |       |     1 |     1 ||     2
Armor: Chain mail        |    63 |    36 |    85 |       |       |       |       |       ||   184
       Plate armour      |       |       |    68 |   575 |   886 |  1138 |   477 |   295 ||  3439
Dodge: Dodged            |    43 |    43 |   103 |   331 |   475 |   645 |   586 |   289 ||  2515
Block: Other             |       |     2 |    67 |   187 |   266 |   190 |       |       ||   712
       Reflection        |       |       |     9 |     3 |     9 |     1 |       |       ||    22
       Rpst.: Triple sword |       |       |       |     8 |       |       |       |       ||     8

Table legend: (Time is in decaauts)
 A = Elapsed time spent in this place.
 B = Non-inter-level travel time spent in this place.
 C = Inter-level travel time spent in this place.
 D = Time resting spent in this place.
 E = Time spent auto-exploring this place.
 F = Levels seen in this place.
 G = Mean time per level.
                   A        B        C        D        E       F      G
               +--------+--------+--------+--------+--------+-----+--------+
         Total |  57360 |  52984 |   4376 |  13931 |  22845 |  43 | 1334.0 |
       Dungeon |  16832 |  14704 |   2128 |   2862 |   8192 |  15 | 1122.1 |
          Lair |   9282 |   8470 |    812 |   1599 |   4040 |   6 | 1547.0 |
         Swamp |   4839 |   4699 |    140 |   1851 |   1259 |   4 | 1209.8 |
   Spider Nest |   5880 |   5728 |    152 |   2455 |   1348 |   4 | 1470.0 |
    Slime Pits |      9 |      9 |      0 |      0 |      0 |   1 |    9.0 |
  Orcish Mines |   2878 |   2651 |    227 |    522 |   1353 |   2 | 1439.0 |
   Elven Halls |   2595 |   2552 |     43 |    364 |   1347 |   2 | 1297.5 |
        Vaults |   7326 |   6895 |    431 |   1901 |   2803 |   4 | 1831.5 |
        Depths |   7582 |   7141 |    441 |   2375 |   2501 |   4 | 1895.5 |
         Trove |    132 |    132 |      0 |      0 |      0 |   1 |  132.0 |
               +--------+--------+--------+--------+--------+-----+--------+

Top non-repeatable levels by time:
Depths:3: 3090 daAuts
  Lair:6: 2344 daAuts
Depths:2: 2291 daAuts
Vaults:3: 2271 daAuts
 Swamp:4: 2191 daAuts
   Orc:2: 1888 daAuts
  Lair:5: 1861 daAuts
Vaults:4: 1837 daAuts
Spider:4: 1753 daAuts
Vaults:2: 1727 daAuts
Spider:1: 1708 daAuts
   Elf:2: 1708 daAuts
  Lair:1: 1586 daAuts
  Lair:3: 1571 daAuts
    D:15: 1569 daAuts
